Map: Acropolis LE

Players

Djorn - Winner!

  • Race: Protoss Protoss
  • Spawn Location: 5:00

A.I. 1 (Hard)

  • Race: Zerg Zerg
  • Spawn Location: 11:00

VOD

Have the link to the VOD?

Description

Time

  • Played on: Aug. 23, 2019, 12:23 a.m.
  • Length: 7:55
Show
View Real Time Build Order
Export as new Build Order

Djorn Protoss - Winner!

Build Orders:  

Get SALT Encoding   

  12  0:02  Probe  
  14  0:14  Probe  
  14  0:19  Pylon  
  14  0:26  Probe  
  15  0:38  Probe  
  16  0:44  Gateway  
  16  0:47  Probe  
  16  0:55  Probe  
  17  0:57  Assimilator  
  18  1:04  Probe  
  18  1:05  Assimilator  
  19  1:16  Probe  
  20  1:29  Probe  
  21  1:34  Cybernetics Core  
  21  1:41  Probe  
  22  1:53  Pylon  
  22  2:11  Zealot  
  22  2:14  Pylon  
  24  2:25  Robotics Facility  
  24  2:28  Gateway  
  24  2:33  Warp Gate, Pylon  
  24  2:44  Adept  
  26  2:55  Probe  
  27  3:00  Nexus  
  27  3:05  Immortal  
  27  3:07  Probe  
  32  3:30  Sentry  
  34  3:38  Immortal  
  38  3:53  Pylon  
  38  4:29  Zealot  
  38  4:30  Zealot  
  42  4:35  Pylon  
  42  4:57  Warp Prism  
  42  5:11  Zealot x2  
  42  6:07  Zealot x2  
  36  6:33  Zealot  
  36  6:34  Zealot  
  36  7:03  Zealot x2  
  40  7:25  Zealot  
  40  7:26  Zealot  
  44  7:46  Stalker  
  44  7:47  Stalker  
Show
View Real Time Build Order
Export as new Build Order

A.I. 1 (Hard) Zerg 

Build Orders: 1 Base Baneling Bust, Pool First 

Get SALT Encoding   

  12  0:00  Drone  
  13  0:12  Overlord  
  13  0:16  Drone  
  14  0:31  Drone  
  14  0:32  Drone  
  16  0:42  Spawning Pool  
  15  0:45  Drone  
  15  0:49  Drone  
  17  0:52  Extractor  
  17  0:56  Drone  
  17  1:06  Overlord  
  17  1:30  Queen  
  17  1:31  Zergling x2  
  20  1:38  Drone, Roach Warren, Zergling x2  
  21  1:43  Extractor  
  20  1:49  Drone  
  21  2:00  Drone  
  22  2:12  Drone  
  23  2:21  Overlord  
  23  2:32  Drone  
  24  2:37  Roach  
  24  2:42  Overlord  
  24  2:44  Roach  
  28  2:50  Roach  
  30  2:57  Roach  
  34  3:05  Roach  
  34  3:08  Overlord  
  34  3:10  Drone  
  34  3:12  Roach  
  37  3:17  Drone  
  38  3:27  Baneling Nest  
  38  3:28  Drone  
  38  3:35  Evolution Chamber  
  38  3:39  Roach  
  38  3:41  Drone  
  40  3:42  Drone  
  40  3:44  Drone  
  42  3:50  Drone  
  43  4:01  Drone  
  44  4:12  Roach  
  46  4:55  Overlord, Zergling x2, Lair  
  46  4:56  Zerg Melee Weapons Level 1  
  46  4:57  Evolution Chamber  
  46  4:58  Drone  
  47  5:01  Baneling  
  39  5:07  Zergling x2  
  39  5:13  Zergling x2  
  37  5:18  Zergling x2  
  35  5:22  Zergling x2  
  35  5:23  Zerg Missile Weapons Level 1  
  35  5:25  Zergling x2  
  35  5:29  Zergling x2  
  35  5:33  Zergling x2  
  36  5:40  Zergling x2  
  35  5:47  Zergling x2  
  36  5:52  Zergling x2  
  36  5:55  Spire  
  36  5:56  Zergling x2  
  32  6:00  Roach  
  32  6:03  Zergling x2, Queen  
  33  6:10  Zergling x2  
  30  6:20  Zergling x2  
  30  6:28  Baneling Nest  
  30  6:31  Zergling x2  
  25  6:42  Zergling x2  
  25  6:45  Queen  
  26  6:52  Zergling x2  
  26  6:58  Hatchery  
  25  7:05  Spawning Pool  
  23  7:09  Mutalisk  
  23  7:11  Drone  
  23  7:12  Mutalisk  
  12  7:40  Drone  
  12  7:41  Drone  
  12  7:43  Drone  
Tags
 
Add a new tag
Caveats
  • Supply blocks, unpowered buildings, or Contaminate may cause inaccurate times.
  • Supply counts are checked every 10 seconds.